 Dungeon Crawl Stone Soup version 0.29.1-15-g9cfb28693d (webtiles) character file.

Game seed: 13281965142130366428

249 hawla the Firebug (level 6, -7/47 HPs)
             Began as a Meteoran Fire Elementalist on Mar 2, 2023.
             Splashed by a jelly's acid (8 damage)
             ... on level 4 of the Dungeon.
             The game lasted 00:04:35 (572 turns).

hawla the Firebug (Meteoran Fire Elementalist)       Turns: 572, Time: 00:04:35

Health: -7/47      AC: -6    Str:  9    XL:     6   Next: 62%
Magic:  4/13       EV: 13    Int: 18    God:
Gold:   59         SH:  0    Dex: 16    Spells: 10/13 levels left

rFire   + . .      SeeInvis .   (no weapon)
rCold   x . .      Faith    .   (no shield)
rNeg    . . .      Spirit   .   a - +0 robe
rPois   .          Reflect  .   (no helmet)
rElec   .          Harm     .   (no cloak)
rCorr   .          Rampage  .   (no gloves)
Will    +....                   (no boots)
Stlth   +.........              (no amulet)
HPRegen 0.15/turn               d - ring of fire
MPRegen 0.13/turn               g - ring of willpower

@: corroded, hasted, glowing, very quick
A: sense surroundings 1, otherworldly, glowing, explore regen
a: no special abilities


You were on level 4 of the Dungeon.
You visited 1 branch of the dungeon, and saw 4 of its levels.

You collected 59 gold pieces.

Inventory:

Armour
 a - a +0 robe (worn)
Jewellery
 d - a ring of fire (left hand)
 g - a ring of willpower (right hand)
Scrolls
 b - a scroll of brand weapon {unknown}
 c - 2 scrolls of enchant weapon
 e - 4 scrolls of identify {unknown}
 f - a scroll of blinking {unknown}
 h - 2 scrolls of teleportation {unknown}


   Skills:
 + Level 1.4 Fighting
 + Level 3.3 Dodging
 - Level 1.4 Stealth
 + Level 4.4 Spellcasting
 + Level 2.2 Conjurations
 + Level 6.1 Fire Magic


You had 10 spell levels left.
You knew the following spells:

 Your Spells              Type           Power      Damage    Failure   Level
a - Foxfire               Conj/Fire      100%       2x1d9     2%          1
b - Scorch                Fire           76%        2d9       1%          2

Your spell library contained the following spells:

 Spells                   Type           Power      Damage    Failure   Level
 Conjure Flame            Conj/Fire      28%        6-21      8%          3
 Shock                    Conj/Air       32%        1d5       9%          1
 Inner Flame              Hex/Fire       22%        N/A       12%         3
 Flame Wave               Conj/Fire      28%        2d9       26%         4
 Swiftness                Air            3%         N/A       38%         3
 Airstrike                Air            1%         2d(1-17)  80%         4


Dungeon Overview and Level Annotations

Branches:
Dungeon (4/15) Zot: 1828
 Temple: D:4-7

Altars:

Shops:
D:4 [

Annotations:
D:4 Eustachio


Innate Abilities, Weirdness & Mutations

You passively map a small area around you.
You are easily found by Zot.
You glow in the dark.
You regain HP and MP as you explore.


Message History

As you read the scroll labelled WIUTEPNUPU, it crumbles to dust.
It is a scroll of enchant weapon.
You aren't carrying any weapons that can be enchanted.
The river rat is no longer more vulnerable to fire.
The foxfire hits the river rat but does no damage.
The river rat is moderately wounded.
Eustachio gestures wildly while chanting.
Eustachio blinks!
The river rat bites you!
Your magical contamination has completely faded away.
The jelly attacks as you move away! The jelly hits you.
You are splashed with acid!
* * * LOW HITPOINT WARNING * * *
The river rat attacks as you move away! The river rat closely misses you.
The jelly jiggles.
Eustachio gestures wildly while chanting.
The jelly attacks as you move away! The jelly hits you but does no damage.
Eustachio gestures wildly while chanting.
Eustachio blinks!
The jelly attacks as you move away! The jelly hits you but does no damage.
You open the door. The jelly closely misses you.
The river rat attacks as you move away! The river rat bites you.
* * * LOW HITPOINT WARNING * * *
Eustachio mumbles some strange words.
The river rat twitches its whiskers.
There is an open door here.
The river rat attacks as you move away! The river rat barely misses you.
Found a stone staircase leading up.
Eustachio mumbles some strange words.
The jelly attacks as you move away! The jelly hits you.
* * * LOW HITPOINT WARNING * * *
The acid corrodes you!
You are splashed with acid!
* * * LOW HITPOINT WARNING * * *
The river rat disappears in a puff of smoke!
Eustachio gestures wildly while chanting.
It was a potion of haste.
You feel yourself speed up.
The white imp disappears in a puff of smoke!
The jelly hits you.
* * * LOW HITPOINT WARNING * * *
The acid corrodes you!
You are splashed with acid!
You die...

, ## #.#.......#
... ..........###
* ,... ...........
, #.# #.#.....# *,
* #...#.......+ ,
, #.∩.#.#..5..#* ,
, * *
#.....#..5@b#### ,
#......r.5rJ@#,
#...#.#....§##.#
#.. #.#.....##.# ,
#. #.#.###.##.# ,
# #.#.# #.##.#,* *
.#.#.###.##.# ,
...#.....##<# , ,
...#....#####.#. *
,
,,........'.......


You could see Eustachio, a jelly, 2 white imps, an ufetubus (summoned), a quokka
(summoned), a bat (summoned) and a rat (summoned).

Vanquished Creatures
  A scorpion (D:4)
  2 orc priests
  2 orc wizards
  4 adders
  A dart slug (D:3)
  10 orcs
  2 bats
  An endoplasm (D:1)
  3 giant cockroaches
  3 hobgoblins
  2 jackals (D:1)
  2 ball pythons
  A frilled lizard (D:3)
  2 kobolds
  2 rats (D:1)
38 creatures vanquished.

Vanquished Creatures (others)
  89 foxfires
89 creatures vanquished.

Grand Total: 127 creatures vanquished

Notes
Turn   | Place    | Note
-------+----------+-------------------------------------------
     0 | D:1      | hawla the Meteoran Fire Elementalist began the quest for
                  | the Orb.
     0 | D:1      | Reached XP level 1. HP: 14/14 MP: 5/5
     2 | D:1      | Noticed a merfolk
     2 | D:1      | Noticed an elf
     4 | D:1      | Noticed a formicid
     4 | D:1      | Noticed a gargoyle
     6 | D:1      | Noticed a vine stalker
     8 | D:1      | Noticed a demigod
     8 | D:1      | Noticed a ghoul
    10 | D:1      | Noticed a minotaur
    10 | D:1      | Noticed a troll
    12 | D:1      | Noticed a felid
    12 | D:1      | Noticed a demonspawn
    14 | D:1      | Noticed an octopode
    14 | D:1      | Noticed a vampire
    16 | D:1      | Noticed a tengu
    16 | D:1      | Noticed an ogre
    18 | D:1      | Noticed a palentonga
    18 | D:1      | Noticed a spriggan
    20 | D:1      | Noticed a naga
    23 | D:1      | Noticed a draconian
    25 | D:1      | Noticed a draconian
    25 | D:1      | Noticed a meteoran
    27 | D:1      | Noticed a demonspawn
    27 | D:1      | Noticed a troll
    52 | D:1      | Reached XP level 2. HP: 20/20 MP: 3/6
    54 | D:1      | Reached skill level 4 in Fire Magic
    57 | D:1      | Learned a level 2 spell: Scorch
   129 | D:3      | Reached XP level 3. HP: 20/26 MP: 0/8
   169 | D:3      | Reached skill level 5 in Fire Magic
   169 | D:3      | Reached XP level 4. HP: 33/33 MP: 0/10
   191 | D:3      | Reached XP level 5. HP: 31/38 MP: 6/11
   459 | D:4      | Reached skill level 1 in Fighting
   459 | D:4      | Reached XP level 6. HP: 47/47 MP: 6/13
   497 | D:4      | Reached skill level 6 in Fire Magic
   548 | D:4      | Found Doitsup's Armour Shoppe.
   551 | D:4      | Noticed Eustachio
   572 | D:4      | HP: 1/47 [jelly (3)]
   572 | D:4      | Splashed by a jelly's acid

Illustrated notes

Levels and vault maps discovered:
D:1:      kb_arrival_jail, layout_rooms, basic_ecumenical_altar,
          amcnicky_mini_corridor_feature, minmay_misc_feat_x,
          grunt_decor_resistance
D:2:      layout_basic
D:3:      layout_loops_ring, uniq_ijyb
D:4:      layout_basic, serial_shops, nicolae_shop_stone,
          corexii_item_surrounded_by_moat, uniq_eustachio

Skill      XL: |  1  2  3  4  5  6 |
---------------+-------------------+-----
Fire Magic     | 4 5 6 |  6.1
Spellcasting   | 3 4 |  4.4
Dodging        | 3 |  3.3
Fighting       | 1 |  1.4
Conjurations   | 2 |  2.2
Stealth        | |  1.4

Action                   |  1- 3 |  4- 6 || total
-------------------------+-------+-------++-------
Melee: Unarmed           |     1 |    13 ||    14
       Punch             |     1 |       ||     1
 Cast: Foxfire           |    20 |    36 ||    56
       Scorch            |     4 |    13 ||    17
  Use: Potion            |       |     4 ||     4
       Scroll            |       |     1 ||     1
Armor: Robe              |     3 |     7 ||    10
Dodge: Dodged            |     9 |    21 ||    30
